 Dungeon Crawl Stone Soup version 0.24-a0-536-gdd4cf15266 (webtiles) character file.

Game seed: 13370793615819593167

21584 Peloso the Blocker (level 12, -5/106 HPs)
             Began as a Minotaur Fighter on Aug 11, 2019.
             Was the Champion of Okawaru.
             Slain by Jorgrun
             ... wielding an uncursed staff of earth
              (6 damage)
             ... while petrified by Jorgrun
             ... on level 12 of the Dungeon.
             The game lasted 00:35:08 (13095 turns).

Peloso the Blocker (Minotaur Fighter)              Turns: 13095, Time: 00:35:09

Health: -5/106     AC: 19    Str: 28    XL:     12   Next: 55%
Magic:  11/11      EV: -1    Int:  5    God:    Okawaru [******]
Gold:   672        SH:  0    Dex: 12    Spells: 11/11 levels left

rFire    . . .     SeeInvis .   a - +1 scimitar (flame)
rCold    + . .     Gourm    .   c - +0 large shield
rNeg     + + +     Faith    .   k - +0 plate armour
rPois    ∞         Spirit   .   H - +1 hat
rElec    .         Reflect  .   x - +1 cloak
rCorr    .         Harm     .   O - +0 pair of gloves of Spring {rC+ Str+4}
MR       .....                  (no boots)
Stlth    ..........             (no amulet)
HPRegen  0.27/turn              G - ring of poison resistance
MPRegen  0.12/turn              L - ring of flight

@: petrified, grasped by roots, constricted
A: retaliatory headbutt, horns 2
a: Heroism, Finesse, Renounce Religion, Evoke Flight


You were on level 12 of the Dungeon.
You worshipped Okawaru.
Okawaru was exalted by your worship.
You were not hungry.

You visited 1 branch of the dungeon, and saw 12 of its levels.
You also visited: Ossuary.

You collected 738 gold pieces.
You spent 66 gold pieces at shops.

Inventory:

Hand Weapons
 a - a +1 scimitar of flaming (weapon)
 K - the cursed +1 hunting sling of the Hundredfold People {freeze, rElec rN+++ Str-4 Dex+4, unknown}
   (You found it on level 8 of the Dungeon)

   It causes projectiles fired from it to freeze those they strike, causing
   extra injury to most foes and up to half again as much damage against
   particularly susceptible opponents.
   They can also slow down cold-blooded creatures.
   It affects your strength (-4).
   It affects your dexterity (+4).
   It insulates you from electricity.
   It renders you almost immune to negative energy.
   It has a curse placed upon it.
Armour
 b - a +0 scale mail
 c - a +0 large shield (worn)
 k - a +0 plate armour (worn)
 x - a +1 cloak (worn)
 H - a +1 hat (worn)
 O - the +0 pair of gloves of Spring (worn) {rC+ Str+4}
   (Okawaru gifted it to you on level 9 of the Dungeon)

   It affects your strength (+4).
   It protects you from cold.
 Q - the +0 ring mail of Liberty {rCorr}
   (You found it on level 10 of the Dungeon)

   It provides partial protection from all sources of acid and corrosion.
Jewellery
 q - an uncursed ring of protection from cold
 G - a ring of poison resistance (left hand)
 L - a ring of flight (right hand)
Wands
 j - a wand of random effects (24)
 s - a wand of polymorph (11)
 z - a wand of acid (9)
 B - a wand of flame (5)
 I - a wand of paralysis (18)
 J - a wand of digging (4)
 R - a wand of disintegration (6)
Scrolls
 g - 2 scrolls of enchant weapon {unknown}
 h - 3 scrolls of remove curse
 i - 3 scrolls of blinking
 m - 3 scrolls of teleportation {unknown}
 p - 2 scrolls of identify
 u - a scroll of summoning {unknown}
 w - 4 scrolls of amnesia {unknown}
 y - a scroll of enchant armour {unknown}
 C - a scroll of random uselessness {unknown}
 D - 2 scrolls of magic mapping {unknown}
 N - a scroll of torment {unknown}
Potions
 d - a potion of might
 e - a potion of mutation
 l - 5 potions of brilliance
 n - 4 potions of invisibility
 o - 4 potions of haste
 r - 3 potions of ambrosia
 t - 6 potions of curing
 v - 3 potions of agility
 A - a potion of flight {unknown}
 E - a potion of lignification {unknown}
 F - a potion of berserk rage {unknown}
 M - a potion of magic {unknown}
Comestibles
 f - 18 rations
 S - a chunk of flesh


   Skills:
 + Level 10.2 Fighting
 + Level 13.8 Long Blades
 + Level 10.8 Armour
 + Level 2.4 Dodging
 + Level 0.2 Stealth
 + Level 14.9 Shields
 + Level 0.8 Invocations
 + Level 0.4 Evocations


You had 11 spell levels left.
You didn't know any spells.
Your spell library contained the following spells:

 Spells                   Type           Power        Failure   Level  Hunger
 Passwall                 Tmut/Erth      #.......     100%        2    ###....
 Swiftness                Chrm/Air       #.......     100%        2    ###....
 Passage of Golubria      Tloc           N/A          100%        4    #####..
 Lee's Rapid Deconstruct  Erth           #.........   100%        5    ######.
 Darkness                 Hex            #.........   100%        6    #######
 Invisibility             Hex            #.......     100%        6    #######


Dungeon Overview and Level Annotations

Branches:
Dungeon (12/15)            Temple (0/1) D:6            Lair (0/6) D:10
    Orc (0/2) D:11

Altars:
Ashenzari
Dithmenos
Elyvilon
Okawaru
Ru
Sif Muna
Uskayaw
Vehumet
Zin
The Shining One

Shops:
D:7 (   D:8 *

Annotations:
D:12 Jorgrun


Innate Abilities, Weirdness & Mutations

You reflexively headbutt those who attack you in melee.
You have a pair of horns on your head.


Message History

Roots burst forth from the earth!
The grasping roots grab you!
* * * LOW HITPOINT WARNING * * *
The grasping roots constrict you.
Your limbs are stiffening.
You closely miss Jorgrun. Your headbutt misses Jorgrun.
Jorgrun is severely wounded.
Jorgrun hits you with an uncursed staff of earth.
The grasping roots constrict you.
You have turned to stone.
Jorgrun hits you but does no damage.
* * * LOW HITPOINT WARNING * * *
The grasping roots constrict you.
Jorgrun points at you and mumbles some strange words.
The wall shatters!
The blast of rock fragments hits you!
* * * LOW HITPOINT WARNING * * *
x2 The grasping roots constrict you!
Jorgrun hits you with an uncursed staff of earth.
* * * LOW HITPOINT WARNING * * *
x2 The grasping roots constrict you.
Jorgrun casts a spell at you.
You die...

## #. #. #. #. ##.
#####.################ ##
#...g@................
#.#
#....##........######.
#.#
#....##........######.
#.##....##.......>.......
##.#....##........######.
#.....####...............
#>....# #...............
#.....####...............
#.......#########.....)..


You could see Jorgrun.

Vanquished Creatures
  A hydra (D:12)
  Erica (D:8)
  6 two-headed ogres
  A deep troll earth mage (D:10)
  An unseen horror (D:11)
  5 slime creatures (D:12)
  An ugly thing (D:11)
  2 cyclopes
  A manticore (D:12)
  A centaur zombie (D:10)
  Maurice (D:10)
  2 gargoyles (D:10)
  A komodo dragon (D:10)
  5 trolls
  A merfolk (D:10)
  2 hippogriffs
  A centaur simulacrum (D:10)
  Sigmund (D:6)
  20 yaks
  A shadow (D:10)
  A wyvern (D:12)
  A basilisk (D:12)
  A hungry ghost (D:11)
  2 water moccasins
  A sky beast (D:6)
  2 ice beasts
  2 necrophages
  2 centaurs
  A phantom (D:9)
  8 ogres
  A big kobold (D:12)
  4 bullfrogs
  2 wyvern zombies (D:10)
  3 water moccasin zombies (Ossuary)
  5 scorpions
  5 jellies
  A water moccasin skeleton (D:10)
  19 killer bees
  A howler monkey (D:6)
  3 electric eels
  6 crimson imps
  9 orc priests
  A bullfrog zombie (D:12)
  8 hounds
  8 orc wizards
  A bullfrog skeleton (D:10)
  4 centaur skeletons
  Ijyb (D:4)
  6 iguanas
  5 worker ants
  4 big kobold zombies (Ossuary)
  2 mummies (Ossuary)
  2 worker ant zombies
  15 gnolls
  A howler monkey skeleton (D:7)
  11 adders
  6 shadow imps
  An ooze (D:5)
  An adder skeleton (D:5)
  4 adder zombies
  4 worms
  A dart slug (D:2)
  2 leopard geckos
  46 orcs
  9 bats
  4 giant cockroaches
  23 hobgoblins
  8 jackals
  5 quokkas
  A ball python (D:3)
  6 frilled lizards
  40 goblins
  4 hobgoblin zombies (Ossuary)
  9 kobolds
  10 kobold zombies (Ossuary)
  5 orc zombies (Ossuary)
  A quokka skeleton (D:5)
  9 rats
403 creatures vanquished.

Vanquished Creatures (others)
  An orc (D:12)
  A plant (D:10)
2 creatures vanquished.

Grand Total: 405 creatures vanquished

Notes
Turn   | Place    | Note
-------+----------+-------------------------------------------
     0 | D:1      | Peloso the Minotaur Fighter began the quest for the Orb.
     0 | D:1      | Reached XP level 1. HP: 19/19 MP: 0/0
   152 | D:1      | Reached XP level 2. HP: 27/27 MP: 1/1
   446 | D:1      | Reached skill level 4 in Shields
   692 | D:2      | Reached XP level 3. HP: 31/33 MP: 2/2
   752 | D:2      | Found a shattered altar of Ashenzari.
   880 | D:2      | Found a hide-covered altar of Uskayaw.
   881 | D:2      | Found a shimmering blue altar of Sif Muna.
  1206 | D:2      | Reached XP level 4. HP: 40/40 MP: 3/3
  1693 | D:2      | Reached skill level 5 in Shields
  2095 | D:3      | Reached XP level 5. HP: 44/47 MP: 4/4
  2604 | D:4      | Found a sand-covered staircase.
  2615 | D:4      | Found an iron altar of Okawaru.
  2615 | D:4      | Found a radiant altar of Vehumet.
  2615 | D:4      | Found a white marble altar of Elyvilon.
  2633 | D:4      | Became a worshipper of Warmaster Okawaru
  2652 | Ossuary  | Entered an ossuary
  2841 | Ossuary  | Reached skill level 5 in Armour
  2841 | Ossuary  | Reached XP level 6. HP: 51/53 MP: 5/5
  2924 | Ossuary  | Reached skill level 5 in Long Blades
  3157 | D:4      | Noticed Ijyb
  3174 | D:4      | Killed Ijyb
  3227 | D:4      | Reached * piety under Okawaru
  3254 | D:4      | Reached skill level 6 in Shields
  3291 | D:4      | Reached XP level 7. HP: 53/60 MP: 6/6
  3645 | D:5      | Entered Level 5 of the Dungeon
  3966 | D:5      | Noticed a yak
  3967 | D:5      | Noticed a yak
  3968 | D:5      | Noticed a yak
  3969 | D:5      | Noticed a yak
  3988 | D:5      | Killed a yak
  3988 | D:5      | Reached skill level 5 in Fighting
  3988 | D:5      | Reached skill level 7 in Shields
  3993 | D:5      | Killed a yak
  3993 | D:5      | Reached ** piety under Okawaru
  3999 | D:5      | Killed a yak
  3999 | D:5      | Reached XP level 8. HP: 45/68 MP: 7/7
  4023 | D:5      | Reached skill level 8 in Shields
  4258 | D:5      | Reached skill level 1 in Dodging
  4657 | D:6      | Noticed Sigmund
  4673 | D:6      | Killed Sigmund
  4801 | D:6      | Found a glowing golden altar of the Shining One.
  4845 | D:6      | Reached skill level 9 in Shields
  4861 | D:6      | Reached *** piety under Okawaru
  4897 | D:6      | Reached XP level 9. HP: 66/75 MP: 8/8
  5064 | D:6      | Found a glowing silver altar of Zin.
  5137 | D:6      | Found a staircase to the Ecumenical Temple.
  5269 | D:7      | Identified the +10 dagger of Disorder {distort, rF+}
  5758 | D:7      | Found a sacrificial altar of Ru.
  5898 | D:7      | Reached **** piety under Okawaru
  6249 | D:7      | Reached skill level 10 in Shields
  6315 | D:7      | Found Vaophez's Weapon Emporium.
  6964 | D:8      | Got a brightly glowing hunting sling
  7344 | D:8      | Found a shadowy altar of Dithmenos.
  7349 | D:8      | Noticed Erica
  7359 | D:8      | Killed Erica
  7359 | D:8      | Reached skill level 10 in Long Blades
  7359 | D:8      | Reached skill level 11 in Shields
  7359 | D:8      | Reached XP level 10. HP: 66/84 MP: 9/9
  7533 | D:8      | Found Uluolowkoi's Assorted Antiques.
  7550 | D:8      | Bought a scroll of identify for 46 gold pieces
  7555 | D:8      | Bought a murky emerald potion for 20 gold pieces
  9020 | D:9      | Noticed a two-headed ogre
  9046 | D:9      | Killed a two-headed ogre
  9046 | D:9      | Reached skill level 12 in Shields
  9051 | D:9      | Reached ***** piety under Okawaru
  9087 | D:9      | Received a gift from Okawaru
  9090 | D:9      | Got a pair of encrusted gloves {god gift}
  9101 | D:9      | Identified the +0 pair of gloves of Spring {rC+ Str+4}
                  | (Okawaru gifted it to you on level 9 of the Dungeon)
  9445 | D:9      | Noticed a two-headed ogre
  9451 | D:9      | Killed a two-headed ogre
  9820 | D:10     | Entered Level 10 of the Dungeon
  9820 | D:10     | Noticed a gargoyle
  9823 | D:10     | Reached XP level 11. HP: 93/93 MP: 10/10
  9835 | D:10     | Noticed a two-headed ogre
  9848 | D:10     | Killed a two-headed ogre
 10184 | D:10     | Reached skill level 13 in Shields
 10190 | D:10     | Found a runed translucent door.
 10197 | D:10     | Noticed a deep troll earth mage
 10304 | D:10     | Killed a deep troll earth mage
 10600 | D:10     | Noticed a two-headed ogre
 10608 | D:10     | Killed a two-headed ogre
 10929 | D:10     | Reached skill level 10 in Armour
 11046 | D:10     | Got a shimmering ring mail
 11057 | D:10     | Identified the +0 ring mail of Liberty {rCorr} (You found
                  | it on level 10 of the Dungeon)
 11133 | D:10     | Found a staircase to the Lair.
 11135 | D:10     | Noticed Maurice
 11140 | D:10     | Killed Maurice
 11140 | D:10     | Received a gift from Okawaru
 11704 | D:11     | Noticed a two-headed ogre
 11720 | D:10     | Killed a two-headed ogre
 11720 | D:10     | Reached skill level 14 in Shields
 11866 | D:11     | Found a staircase to the Orcish Mines.
 11926 | D:11     | Reached XP level 12. HP: 98/104 MP: 11/11
 12052 | D:11     | Received a gift from Okawaru
 12474 | D:12     | Noticed a two-headed ogre
 12478 | D:12     | Reached ****** piety under Okawaru
 12820 | D:12     | Killed a two-headed ogre
 12949 | D:12     | Reached skill level 10 in Fighting
 13027 | D:12     | Noticed a six-headed hydra
 13027 | D:12     | Noticed Jorgrun
 13042 | D:12     | Killed a four-headed hydra
 13093 | D:12     | HP: 5/106 [Jorgrun/uncursed staff of earth (4)]
 13094 | D:12     | HP: 2/106 [Jorgrun/uncursed staff of earth (3)]
 13095 | D:12     | Slain by Jorgrun

Levels and vault maps discovered:
D:1:      lightli_arrival_quake, layout_basic, minmay_octomino_e4
D:2:      layout_loops_cross, marbit_many_paths,
          gammafunk_temple_overflow_statue
D:3:      layout_rooms, first_ration, st_stairs_1
D:4:      minmay_goblin_kobold_castle, layout_loops_ring,
          gammafunk_temple_overflow_forgotten, nicolae_ossuary_entry_plus,
          grunt_decor_cap, uniq_ijyb
D:5:      layout_cave_pods, patterned_corridor
D:6:      layout_rooms, kennysheep_mini, zin_scriptorium,
          minmay_temple_entry_hall, feat_on_display, uniq_sigmund
D:7:      layout_layer_cave, kennysheep_mini_moat, serial_shops, shop,
          minmay_checkerbox
D:8:      layout_cave_pods, serial_column_ruins, column_ruins_circle_medium,
          column_ruins_square_large, column_ruins_open_large,
          column_ruins_grid_1, column_ruins_open_large,
          column_ruins_columns_dead_end, column_ruins_corridor_dead_end,
          serial_shops, nicolae_shop_overgrown_old_shop,
          grunt_dithmenos_smoke_and_mirrors, uniq_erica
D:9:      cheibrodos_helix_gallery, layout_basic
D:10:     layout_irregular_city, david_lair_shrubbed, hangedman_fish_farm,
          hangedman_weighted_door, wad_hexagon, uniq_maurice
D:11:     layout_basic, david_orc_3
D:12:     layout_basic, drop_trap, st_stairs_12, uniq_jorgrun

Skill      XL: |  1  2  3  4  5  6  7  8  9 10 11 12 |
---------------+-------------------------------------+-----
Armour         | 4 5 6 7 8 10 | 10.8
Fighting       | 4 5 6 8 9 10 | 10.2
Shields        | 4 5 6 7 9 11 12 14 | 14.9
Long Blades    | 3 4 5 6 8 10 11 13 | 13.8
Dodging        | 1 2 |  2.4
Stealth        | |  0.2
Invocations    | |  0.8
Evocations     | |  0.4

Action                   |  1- 3 |  4- 6 |  7- 9 | 10-12 || total
-------------------------+-------+-------+-------+-------++-------
Melee: Long sword        |    94 |   239 |   474 |       ||   807
       Headbutt          |    11 |    54 |    85 |   153 ||   303
       Scimitar          |       |       |       |   644 ||   644
Invok: Heroism           |       |       |     1 |     7 ||     8
Evoke: Wand              |       |       |     1 |     6 ||     7
  Use: Scroll            |     3 |     3 |     1 |     4 ||    11
       Potion            |       |       |     1 |     2 ||     3
  Eat: Chunk             |       |     4 |    14 |    18 ||    36
       Ration            |       |     1 |       |     1 ||     2
Armor: Scale mail        |    18 |       |       |       ||    18
       Plate armour      |    62 |   134 |   258 |   201 ||   655
Dodge: Dodged            |    31 |    54 |    42 |    52 ||   179
Block: Shield            |    63 |   122 |       |       ||   185
       Large shield      |       |       |   495 |   598 ||  1093
       Rpst.: Long sword |    10 |    14 |    13 |       ||    37
       Scimitar          |       |       |       |     8 ||     8

Table legend:
 A = Non-vault XP
 B = Vault XP
 C = Vault XP percentage of total XP
 D = Non-vault monster count
 E = Vault monster count
 F = Vault count percentage of total count
                 A         B        C        D         E       F
            +---------+---------+-------+---------+---------+-------
      Total |   24374 |    6461 |  21.0 |     280 |     123 |  30.5
            +---------+---------+-------+---------+---------+-------
        D:1 |      30 |       6 |  16.7 |      20 |       4 |  16.7
        D:2 |     132 |       2 |   1.5 |      22 |       1 |   4.3
        D:3 |      68 |       3 |   4.2 |      19 |       2 |   9.5
        D:4 |     264 |     248 |  48.4 |      19 |      56 |  74.7
        D:5 |    1065 |       0 |   0.0 |      19 |       0 |   0.0
        D:6 |     741 |     231 |  23.8 |      19 |       1 |   5.0
        D:7 |     998 |     215 |  17.7 |      23 |       4 |  14.8
        D:8 |    1201 |     892 |  42.6 |      29 |       1 |   3.3
        D:9 |    4259 |     162 |   3.7 |      34 |       2 |   5.6
       D:10 |    6638 |    3823 |  36.5 |      33 |      14 |  29.8
       D:11 |    3443 |      53 |   1.5 |      19 |       5 |  20.8
       D:12 |    5535 |     407 |   6.8 |      24 |       2 |   7.7
    Ossuary |       0 |     419 | 100.0 |       0 |      31 | 100.0
            +---------+---------+-------+---------+---------+-------
